 Dungeon Crawl Stone Soup version 0.32-a0-43-g058985b245 (webtiles) character file.

Game seed: 343084068188405728

48 Ceno the Cudgeller (level 3, 0/45 HPs)
             Began as an Armataur Warper on Feb 3, 2024.
             Killed from afar by an orc wizard (2 damage)
             ... with a puff of flame
             ... on level 3 of the Dungeon.
             The game lasted 00:09:34 (2419 turns).

Ceno the Cudgeller (Armataur Warper)                Turns: 2419, Time: 00:09:35

Health: 0/45       AC: 21    Str: 18    XL:     3   Next: 50%
Magic:  5/5        EV:  1    Int: 13    God:
Gold:   159        SH:  0    Dex:  9    Spells: 3/5 levels left

rFire   . . .        g - +0 whip
rCold   . . .        (no shield)
rNeg    . . .        l - melded +0 ring mail
rPois   +            (helmet currently unavailable)
rElec   .            (cloak currently unavailable)
rCorr   .            (gloves currently unavailable)
SInv    .            (no barding)
Will    .....        (no amulet)
Stlth   +            (no ring)
HPRegen 0.27/turn    (no ring)
MPRegen 0.42/turn

%: roll
@: tree-form
A: stationary, stasis, torment immunity, boosted hp, large, (deformed body),
(tough skin 3), (armoured tail), roll 1
a: no special abilities


You were on level 3 of the Dungeon.
You were a tree.
You visited 1 branch of the dungeon, and saw 3 of its levels.

You collected 159 gold pieces.

Inventory:

Hand Weapons
 a - a +0 mace
 g - a +0 whip (weapon)
Missiles
 d - 7 darts of dispersal
 i - 8 stones (quivered)
 t - 3 boomerangs
Armour
 b - a +0 leather armour
 e - a +0 chain mail
 l - a +0 ring mail (melded)
Jewellery
 r - a ring of protection from fire
 s - a ring of magical power
Wands
 w - a wand of digging (3)
Scrolls
 c - a scroll of blinking
 f - a scroll of immolation {unknown}
 h - a scroll of poison {unknown}
 j - a scroll of amnesia {unknown}
 m - a scroll of fear {unknown}
 o - a scroll of revelation {unknown}
 p - a scroll of enchant armour {unknown}
 u - a scroll of teleportation {unknown}
Potions
 n - a potion of attraction
 q - a potion of curing {unknown}
 v - a potion of might {unknown}


   Skills:
 + Level 2.4 Fighting
 * Level 3.1 Maces & Flails
 - Level 0.8 Throwing
 - Level 1.2 Armour
 - Level 1.3 Dodging
 - Level 1.7 Spellcasting
 - Level 3.0 Translocations


You had 3 spell levels left.
You knew the following spells:

 Your Spells              Type           Power      Damage    Failure   Level
a - Blink                 Tloc           16%        N/A       12%         2

Your spell library contained the following spells:

 Spells                   Type           Power      Damage    Failure   Level
 Apportation              Tloc           16%        N/A       8%          1
 Lesser Beckoning         Tloc           16%        N/A       12%         2
 Teleport Other           Tloc           8%         N/A       22%         3
 Necrotise                Necr           4%         1d4       26%         1
 Sting                    Conj/Alch      4%         1d3       26%         1
 Summon Small Mammal      Summ           4%         N/A       26%         1
 Manifold Assault         Tloc           8%         N/A       58%         4
 Vhi's Electric Charge    Tloc/Air       10%        N/A       80%         4


Dungeon Overview and Level Annotations

Branches:
Dungeon (3/15)

Altars:

Annotations:
D:2 Terence


Innate Abilities, Weirdness & Mutations

You are a tree.
Your roots penetrate the ground, keeping you stationary.
You cannot be teleported.
You are immune to unholy pain and torment.
Your maximum health is greatly increased.
Your equipment is partially melded.
((Armour fits poorly on your strangely shaped body.))
((You have extremely tough skin. (AC +3)))
((You have a long armoured tail.))
You regenerate magic when rolling toward enemies. (Rampage MPRegen)


Message History

A magic dart appears from out of thin air!
The magic dart hits you.
A puff of flame appears from out of thin air!
The puff of flame hits you!
* * * LOW HITPOINT WARNING * * *
A puff of flame appears from out of thin air!
The puff of flame hits something.
You barely miss something. Something hits you.
* * * LOW HITPOINT WARNING * * *
You barely miss something.
You hear some strange, mumbled words.
You are confused.
You bump into the rock wall.
Something hits you.
* * * LOW HITPOINT WARNING * * *
You bump into the rock wall.
Something hits you.
* * * LOW HITPOINT WARNING * * *
You bump into the rock wall.
Something hits you but does no damage.
You bump into the rock wall.
Something hits you but does no damage.
You bump into the rock wall.
You feel less confused. Something hits you but does no damage.
You hit something.
You hear some strange, mumbled words.
A magic dart appears from out of thin air!
The magic dart hits you.
* * * LOW HITPOINT WARNING * * *
You turn into a tree.
Your +0 ring mail melds into your body.
Your roots penetrate the ground.
Something hits you but does no damage.
You cannot move.
You cannot move.
You cannot move.
You cannot move.
You hit something. Something hits you.
* * * LOW HITPOINT WARNING * * *
You closely miss something. Something hits you but does no damage.
You miss something.
You hear some strange, mumbled words.
A puff of flame appears from out of thin air!
The puff of flame hits you.
You die...

# #...# ##†###..##.#...[## # #
#...######.###..##...#### # #
#........#.#.......############ #
#...####......##..##........... #
#...# ##...#........# ###o
###...# ##..........#### ##...
...######.B#....###.#########..##
.........B.#..#####....<......##
................♣{)..............
.............#######.......######
.....######..# #.......# ....##
....# #.......# ...## ..##.#
#.......# #### ...# #.# #########
.## #.# #.#


You could see a bombardier beetle.

Vanquished Creatures
  2 dart slugs
  2 ribbon worms (D:2)
  3 orcs (D:3)
  4 ball pythons
  An endoplasm (D:3)
  3 goblins
  3 hobgoblins
  4 jackals (D:1)
  A quokka (D:1)
  2 bats
  5 frilled lizards
  3 kobolds (D:1)
  2 rats
35 creatures vanquished.

Notes
Turn   | Place    | Note
-------+----------+-------------------------------------------
     0 | D:1      | Ceno the Armataur Warper began the quest for the Orb.
     0 | D:1      | Reached XP level 1. HP: 17/17 MP: 3/3
   228 | D:1      | Reached XP level 2. HP: 20/24 MP: 4/4
   240 | D:1      | Learned a level 2 spell: Blink
  1299 | D:2      | Noticed Terence
  1328 | D:1      | Reached XP level 3. HP: 25/29 MP: 5/5
  2417 | D:3      | HP: 1/45 [something (2)]
  2419 | D:3      | Killed from afar by an orc wizard

Illustrated notes

Levels and vault maps discovered:
D:1:      minmay_arrival_pointy, layout_loops_ring, grunt_decor_resistance,
          minmay_tiny_reverse_x
D:2:      layout_basic, uniq_terence
D:3:      layout_rooms

Skill      XL: |  1  2  3 |
---------------+----------+-----
Maces & Flails | 2 3 |  3.1
Fighting       | 2 |  2.4
Throwing       | |  0.8
Armour         | |  1.2
Dodging        | |  1.3
Spellcasting   | |  1.7
Translocations | |  3.0

Action                     || total
---------------------------++-------
  Melee: Mace              ||     9
         Whip              ||   142
         Tailslap          ||    16
         Punch             ||     3
  Throw: Stone             ||     1
   Cast: Blink             ||     1
    Use: Scroll            ||     2
         Potion            ||     1
 Armour: Leather armour    ||    49
         Ring mail         ||    59
         Skin              ||     4
  Dodge: Dodged            ||    55

Table legend: (Time is in decaauts)
 A = Elapsed time spent in this place.
 B = Non-inter-level travel time spent in this place.
 C = Inter-level travel time spent in this place.
 D = Time resting spent in this place.
 E = Time spent auto-exploring this place.
 F = Levels seen in this place.
 G = Mean time per level.
                   A        B        C        D        E       F      G
               +--------+--------+--------+--------+--------+-----+--------+
         Total |   2420 |   2328 |     92 |    128 |   1050 |   3 |  806.7 |
       Dungeon |   2420 |   2328 |     92 |    128 |   1050 |   3 |  806.7 |
               +--------+--------+--------+--------+--------+-----+--------+

Top non-repeatable levels by time:
     D:1: 1062 daAuts
     D:2: 991 daAuts
     D:3: 366 daAuts
